 Dungeon Crawl Stone Soup version 0.30-b1-2-g02819fbbbe (webtiles) character file.

Game seed: 15776835012303766418

67 Alarkh the Trooper (level 4, 37/37 HPs)
             Began as a Demonspawn Artificer on Nov 27, 2023.
             Got out of the dungeon alive.
             The game lasted 00:01:37 (1842 turns).

Alarkh the Trooper (Demonspawn Artificer)           Turns: 1842, Time: 00:01:38

Health: 37/37      AC:  4    Str: 12    XL:     4   Next: 0%
Magic:  13/13      EV: 11    Int: 14    God:
Gold:   99         SH:  0    Dex: 14    Spells: 3/3 levels left

rFire   . . .        b - +1 dagger (venom)
rCold   . . .        (no shield)
rNeg    . . .        p - +0 leather armour
rPois   .            (no helmet)
rElec   .            (no cloak)
rCorr   .            (no gloves)
SInv    .            i - +0 pair of boots
Will    .....        s - amulet of regeneration
Stlth   +            r - ring of magical power
HPRegen 1.06/turn    (no ring)
MPRegen 0.13/turn

%: no passive effects
@: no status effects
A: hooves 1, spiny 1
a: no special abilities


You escaped.
You visited 1 branch of the dungeon, and saw 2 of its levels.

You collected 99 gold pieces.

Inventory:

Hand Weapons
 a - a +1 dagger of speed
 b - a +1 dagger of venom (weapon)
 j - a +0 club
Armour
 i - a +0 pair of boots (worn)
 p - a +0 leather armour (worn)
Jewellery
 r - a ring of magical power (left hand)
 s - an amulet of regeneration (around neck)
Wands
 c - a wand of flame (10) (quivered)
 d - a wand of charming (15)
 e - a wand of iceblast (5)
Scrolls
 f - a scroll of teleportation {unknown}
 h - 2 scrolls of identify {unknown}
 k - 4 scrolls of poison {unknown}
 n - a scroll of amnesia {unknown}
 o - a scroll of noise {unknown}
 t - a scroll of butterflies {unknown}
Potions
 g - 2 potions of curing {unknown}
 l - a potion of resistance {unknown}
 m - a potion of degeneration {unknown}
 q - a potion of haste {unknown}


   Skills:
 + Level 3.9 Fighting
 - Level 1.7 Armour
 - Level 0.8 Dodging
 - Level 0.8 Stealth
 - Level 3.0 Evocations


You had 3 spell levels left.
You didn't know any spells.
Your spell library was empty.

Dungeon Overview and Level Annotations

Branches:
Dungeon (2/15)

Altars:


Innate Abilities, Weirdness & Mutations

You have large cloven feet.
You are partially covered in sharp spines.


Message History

[Y]es or [N]o only, please.
Keep equipping yourself?
The jackal bites you but does no damage.
You continue putting on your amulet of regeneration.
The jackal closely misses you.
You continue putting on your amulet of regeneration.
The jackal is struck by your spines.
You kill the jackal!
You finish putting on your amulet of regeneration.
The amulet cannot attune itself to your injured body.
s - an amulet of regeneration (around neck)
Your amulet attunes itself to your body as you begin to regenerate more quickly.
A quokka comes into view.
A quokka is nearby!
A goblin comes into view.
It is wielding a +0 dagger of holy wrath.
You closely miss the quokka. The quokka barely misses you.
You hit the quokka.
The quokka is heavily wounded.
The quokka bites you but does no damage.
You hit the quokka but do no damage.
The quokka is poisoned.
The quokka is heavily wounded.
The quokka is struck by your spines.
You kill the quokka!
The goblin is struck by your spines. The goblin hits you but does no damage.
You hit the goblin.
You kill the goblin!
You have reached level 4!
You feel agile.
Your demonic ancestry asserts itself...
Your feet thicken and deform.
You see here a +0 dagger of holy wrath.
t - a scroll labelled NIAFFO DUULE You see here a worm corpse.
There is a stone staircase leading up here.
You climb upwards.
There is a stone staircase leading down here.
There is an open door here.
There is an open door here.
There is a staircase leading out of the dungeon here.
Are you sure you want to leave the Dungeon?
This will make you lose the game!
You have escaped!

####......#.# #.#.# #.#.#
####......#.######.#.########.#.#
.................................
................................#
###########..........########.#.#
#####....#######.#.##########.#..
.................#..............#
#####....################........
.........# #@# #.....###
######.### ###.### #.....# #.#
#.+.'.# #.....### #####.#
###.###.### #........ ##.....#
#.'#'.'#'.# #.....### .#.#####
#.###.###.## #.....# .#.# #.###.#
#..###.....# .#.# #.##..#
#..........# .#.#
###.##.####.####.....###


There were no monsters in sight!

Vanquished Creatures
  2 adders (D:2)
  2 worms (D:2)
  2 dart slugs (D:1)
  5 ball pythons
  2 endoplasms (D:2)
  3 giant cockroaches
  5 goblins (D:2)
  2 hobgoblins (D:1)
  4 jackals
  2 quokkas
  A bat (D:2)
  A frilled lizard (D:1)
  6 kobolds
  2 rats
39 creatures vanquished.

Notes
Turn   | Place    | Note
-------+----------+-------------------------------------------
     0 | D:1      | Alarkh the Demonspawn Artificer began the quest for the
                  | Orb.
     0 | D:1      | Reached XP level 1. HP: 15/15 MP: 1/1
   301 | D:1      | Gained mutation: You are partially covered in sharp spines.
                  | [demonic ancestry]
   301 | D:1      | Reached XP level 2. HP: 16/22 MP: 2/2
  1172 | D:2      | Reached XP level 3. HP: 27/29 MP: 3/3
  1771 | D:2      | Gained mutation: You have large cloven feet. [demonic
                  | ancestry]
  1771 | D:2      | Reached XP level 4. HP: 37/37 MP: 4/4
  1842 | D:$      | Got out of the dungeon alive.

Illustrated notes

Levels and vault maps discovered:
D:1:      erik_arrival_triangle_small, layout_basic
D:2:      minmay_inner_zag, layout_basic, serial_shops, shop

Skill      XL: |  1  2 |
---------------+-------+-----
Fighting       | 2 3 |  3.9
Armour         | |  1.7
Dodging        | |  0.8
Stealth        | |  0.8
Evocations     | |  3.0

Action                     |  1- 3 |  4- 6 || total
---------------------------+-------+-------++-------
  Melee: Club              |    32 |       ||    32
         Dagger            |    55 |       ||    55
  Evoke: Wand              |     5 |       ||     5
   Stab: Sleeping          |     2 |       ||     2
 Armour: Leather armour    |    14 |       ||    14
  Dodge: Dodged            |    40 |       ||    40
